WCHLSIM.com - West Coast Hockey League
Dernière mise à jour: 2025-12-07 16:11:59
html PUBLIC "-//W3C//DTD XHTML 1.0 Transitional//EN" "http://www.w3.org/TR/xhtml1/DTD/xhtml1-transitional.dtd"> WCHL - Game 9 - CALGARY FIREMEN vs KANSAS CITY KILLERBEES

CALGARY FIREMEN vs KANSAS CITY KILLERBEES

Created - 16 octobre 2024 at 21:00

Goals
1 2 3 OT1 SO T
CALGARY FIREMEN 2 1 0 0 1 3
KANSAS CITY KILLERBEES 2 0 1 0 2 4
Shots
1 2 3 OT1 SO T
CALGARY FIREMEN 14 8 9 5 3 36
KANSAS CITY KILLERBEES 12 12 6 4 3 34

1st period

1. CALGARY FIREMEN , Calle Jarnkrok 1 (Michael McCarron 1) at 2:32 (SH)
2. KANSAS CITY KILLERBEES , Nicholas Paul 1 (Sean Walker 1) at 2:42 (PP)
3. CALGARY FIREMEN , Ryan Johansen 1 (Mason Marchment 1, Calle Jarnkrok 1) at 4:17 (PP)
4. KANSAS CITY KILLERBEES , Boone Jenner 1 (Chris Kreider 1) at 6:30

Penalties :
Martin Fehervary (CGY) for Hooking (Minor) at 1:22, Mattias Ekholm (KCK) for Hooking (Minor) at 3:02, Sean Walker (KCK) for Roughing (Minor) at 10:29, Mattias Ekholm (KCK) for High sticking (Minor) at 19:22

2nd period

5. CALGARY FIREMEN , Andrew Copp 1 (Filip Forsberg 1, Fabian Zetterlund 1) at 3:24

Penalties :
Parker Wotherspoon (KCK) for Hooking (Minor) at 10:55, Filip Forsberg (CGY) for Interference (Minor) at 10:55, Sean Walker (KCK) for Hooking (Minor) at 14:18

3rd period

6. KANSAS CITY KILLERBEES , Jordan Kyrou 1 (Chris Kreider 2, Boone Jenner 1) at 14:43

Penalties :
Parker Wotherspoon (KCK) for Roughing (Minor) at 5:34, Boone Jenner (KCK) for High sticking (Minor) at 11:24, Ivan Provorov (KCK) for Hooking (Minor) at 16:00

Overtime #1

No Goal

Penalties :
No Penalty

Shootout

CALGARY FIREMEN, Filip Forsberg - Goal!
KANSAS CITY KILLERBEES, Chris Kreider - Goal!
CALGARY FIREMEN, Andrew Copp - Stopped by John Gibson
KANSAS CITY KILLERBEES, Boone Jenner - Shot Misses the Net
CALGARY FIREMEN, Fabian Zetterlund - Stopped by John Gibson
KANSAS CITY KILLERBEES, Jordan Kyrou - Goal!

Penalties :
No Penalty

Goalie Stats

Samuel Ersson (CGY), 31 saves from 34 shots - (0,912), OTL, 0-0-1, 65:00 minutes
John Gibson (KCK), 33 saves from 36 shots - (0,917), W, 1-0-0, 65:00 minutes

Players Stats for CALGARY FIREMEN

Player Name              G  A  P  +/- PIM S  H  SB GA TA FO     MP     PP MP  PK MP  
------------------------------------------------------------------------------------
Andrew Copp              1  0  1   1  0   3  2  0  0  0  27/40  25:41   7:14   0:00 
Brett Howden             0  0  0   0  0   1  0  0  0  0  1/5     8:01   0:00   0:38 
Calle Jarnkrok           1  1  2  -1  0   3  1  0  0  0  3/3    20:06   5:42   0:42 
Cody Glass               0  0  0   0  0   0  0  0  0  0  1/1     7:23   0:00   0:00 
Darren Raddysh           0  0  0   1  0   1  0  1  0  0  0/0    15:29   0:13   1:13 
Fabian Zetterlund        0  1  1   1  0   5  4  0  0  0  1/4    22:36   7:14   0:00 
Filip Forsberg           0  1  1   1  2   9  1  0  0  0  0/0    23:41   7:14   0:00 
Isac Lundestrom          0  0  0   0  0   0  0  0  0  0  0/1    11:39   0:00   0:38 
Jack Drury               0  0  0  -2  0   0  0  0  0  0  7/18   11:56   0:13   0:00 
Jake McCabe              0  0  0   1  0   3  1  4  0  0  0/0    26:48   7:28   0:00 
Jared Spurgeon           0  0  0  -2  0   1  0  0  0  0  0/0    25:16   8:01   0:07 
Martin Fehervary         0  0  0  -2  2   0  0  0  0  0  0/0    20:18   5:08   0:00 
Mason Marchment          0  1  1  -2  0   4  1  0  0  0  0/0    19:35   5:55   0:00 
Michael McCarron         0  1  1   1  0   1  1  0  0  0  5/5    11:43   0:00   0:42 
Rasmus Sandin            0  0  0   1  0   1  1  1  0  0  0/0    20:50   5:08   0:58 
Ryan Graves              0  0  0   1  0   0  1  2  0  0  0/0    16:18   0:20   0:22 
Ryan Johansen            1  0  1   0  0   3  0  0  0  0  17/24  16:56   5:55   0:00 
Yakov Trenin             0  0  0   0  0   1  0  0  0  0  0/0     7:23   0:00   0:00 

Players Stats for KANSAS CITY KILLERBEES

Player Name              G  A  P  +/- PIM S  H  SB GA TA FO     MP     PP MP  PK MP  
------------------------------------------------------------------------------------
Alexis Lafreniere        0  0  0  -2  0   3  1  0  0  0  1/2    14:15   0:27   0:47 
Boone Jenner             1  1  2   2  2   5  0  0  0  0  17/28  26:39   0:53   6:57 
Chris Kreider            0  2  2   2  0   8  0  0  0  0  4/18   29:43   0:53   7:53 
Connor Bedard            0  0  0   0  0   1  0  0  0  0  6/17   13:53   0:00   0:00 
Egor Zamula              0  0  0   0  0   0  0  0  0  0  0/0     3:42   0:00   0:59 
Ivan Provorov            0  0  0   0  2   0  1  3  0  0  0/0    24:18   0:53   6:32 
Jordan Kyrou             1  0  1   2  0   6  0  0  0  0  1/11   23:20   0:53   5:16 
Justin Schultz           0  0  0   0  0   2  0  0  0  0  0/0    11:27   0:00   0:00 
K'Andre Miller           0  0  0   0  0   0  1  1  0  0  0/0    22:09   0:27   5:22 
MacKenzie Entwistle      0  0  0   0  0   0  1  0  0  0  0/0     2:07   0:00   0:00 
Mattias Ekholm           0  0  0   0  4   1  2  4  0  0  0/0    26:53   0:53   5:11 
Morgan Barron            0  0  0   0  0   0  1  0  0  0  0/0    14:25   0:00   0:32 
Nicholas Paul            1  0  1  -2  0   3  1  0  0  0  0/0    13:28   0:27   0:00 
Nicolas Aube-Kubel       0  0  0   0  0   1  3  1  0  0  0/0    13:53   0:00   0:00 
Parker Wotherspoon       0  0  0   0  4   0  5  3  0  0  0/0    16:14   0:00   4:49 
Philipp Kurashev         0  0  0  -2  0   4  2  0  0  0  10/23  21:01   0:27   4:53 
Sean Walker              0  1  1   0  4   0  1  2  0  0  0/0    20:10   0:27   3:25 
Tyler Johnson            0  0  0   0  0   0  0  0  0  0  0/2     2:07   0:00   0:00 

3 Stars

1 - Boone Jenner (KCK)
2 - Jordan Kyrou (KCK)
3 - Chris Kreider (KCK)

Power Play

CALGARY FIREMEN - 1 on 7 Attempt(s) - 14,29%
KANSAS CITY KILLERBEES - 1 on 1 Attempt(s) - 100,00%

Penalty Kill

CALGARY FIREMEN - 0 on 1 Attempt(s) - 0,00% - Score 1 goal in Penalty Kill
KANSAS CITY KILLERBEES - 6 on 7 Attempt(s) - 85,71% - Score 0 goal in Penalty Kill

Team Stat

CALGARY FIREMEN - Hits : 13 - Faceoff Wins : 62 - Blocked Shots : 8 - Penalty Minutes : 4
KANSAS CITY KILLERBEES - Hits : 19 - Faceoff Wins : 39 - Blocked Shots : 14 - Penalty Minutes : 16

Official

Referees : Shaun Davis and Kevin Pollock
Linesman : Justin Cornell and Colin Gates

Game Notes

No Game Note

Finance

Level 1 -- Attendance: 6500 (100,00%) -- Ticket Income 975 000 $
Level 2 -- Attendance: 5300 (100,00%) -- Ticket Income 636 000 $
Level 3 -- Attendance: 2500 (100,00%) -- Ticket Income 225 000 $
Level 4 -- Attendance: 4200 (100,00%) -- Ticket Income 210 000 $
Luxury Box -- Attendance: 1020 (100,00%) -- Ticket Income 295 800 $
Game was played at the Missouri Beehive Complex.
Total Attendance: 19520 (100,00%)
Total Ticket Income: 2 341 800 $
Other Expense: 23 418 $
Total Income: 2 318 382 $

CALGARY FIREMEN

5 vs 5 Forward 
   Center                   Left Wing                Right Wing               Time % Phy DF OF 
 1 Andrew Copp              Fabian Zetterlund        Filip Forsberg           34     0   1  4  
 2 Jack Drury               Mason Marchment          Calle Jarnkrok           32     1   2  2  
 3 Ryan Johansen            Isac Lundestrom          Michael McCarron         25     1   3  1  
 4 Brett Howden             Yakov Trenin             Cody Glass               9      1   3  1  

5 vs 5 Defense 
   Defense                  Defense                                           Time % Phy DF OF 
 1 Jake McCabe              Rasmus Sandin                                     34     1   2  2  
 2 Martin Fehervary         Jared Spurgeon                                    32     1   2  2  
 3 Ryan Graves              Darren Raddysh                                    25     1   2  2  
 4 Jake McCabe              Rasmus Sandin                                     9      1   2  2  

PowerPlay Forward 
   Center                   Left Wing                Right Wing               Time % Phy DF OF 
 1 Andrew Copp              Fabian Zetterlund        Filip Forsberg           55     1   0  4  
 2 Ryan Johansen            Mason Marchment          Calle Jarnkrok           45     1   2  2  

PowerPlay Defense
   Defense                  Defense                                           Time % Phy DF OF 
 1 Jake McCabe              Jared Spurgeon                                    55     1   1  3  
 2 Rasmus Sandin            Martin Fehervary                                  45     1   2  2  

Penalty Kill 4 Players Forward 
   Center                   Wing                     Time % Phy DF OF 
 1 Michael McCarron         Calle Jarnkrok           55     1   4  0  
 2 Brett Howden             Isac Lundestrom          45     1   4  0  

Penalty Kill 4 Players Defense
   Defense                  Defense                  Time % Phy DF OF 
 1 Ryan Graves              Darren Raddysh           55     1   4  0  
 2 Rasmus Sandin            Martin Fehervary         45     1   4  0  

Penalty Kill - 3 Players Forward 
   Forward                                           Time % Phy DF OF 
 1 Michael McCarron                                  55     1   4  0  
 2 Isac Lundestrom                                   45     1   4  0  

Penalty Kill - 3 Players Defense
   Defense                  Defense                  Time % Phy DF OF 
 1 Darren Raddysh           Ryan Graves              55     1   4  0  
 2 Rasmus Sandin            Martin Fehervary         45     1   4  0  

4 vs 4 Forward 
   Center                   Wing                     Time % Phy DF OF 
 1 Andrew Copp              Filip Forsberg           55     1   1  3  
 2 Jack Drury               Mason Marchment          45     1   1  3  

4 vs 4 Defense
   Defense                  Defense                  Time % Phy DF OF 
 1 Jake McCabe              Jared Spurgeon           55     1   2  2  
 2 Rasmus Sandin            Martin Fehervary         45     1   2  2  

Last Minutes Offensive
   Center                   Left Wing                Right Wing               Defense                  Defense                  
   Andrew Copp              Mason Marchment          Filip Forsberg           Jake McCabe              Jared Spurgeon           

Last Minutes Defensive
   Center                   Left Wing                Right Wing               Defense                  Defense                  
   Andrew Copp              Fabian Zetterlund        Calle Jarnkrok           Ryan Graves              Martin Fehervary         

Goaltenders
Starting : Samuel Ersson            
Backup : Marc-Andre Fleury        

Extra Forwards
Normal : Jack Drury, Andrew Copp, Isac Lundestrom - PP : Jack Drury, Cody Glass - PK : Ryan Johansen
Extra Defensemen
Normal : Ryan Graves, Darren Raddysh, Rasmus Sandin - PP : Ryan Graves - PK : Darren Raddysh, Rasmus Sandin
Penalty Shots
Filip Forsberg, Andrew Copp, Fabian Zetterlund, Mason Marchment, Calle Jarnkrok
Custom OT Lines Forwards
Filip Forsberg, Andrew Copp, Fabian Zetterlund, Mason Marchment, Calle Jarnkrok, Ryan Johansen, Michael McCarron, Brett Howden, Yakov Trenin, Jack Drury
Custom OT Lines Defensemen
Jake McCabe, Jared Spurgeon, Rasmus Sandin, Martin Fehervary, Ryan Graves

Scratches
Gustav Lindstrom (Healthy), Jacob Bryson (Healthy)

KANSAS CITY KILLERBEES

5 vs 5 Forward 
   Center                   Left Wing                Right Wing               Time % Phy DF OF 
 1 Boone Jenner             Chris Kreider            Jordan Kyrou             36     1   2  2  
 2 Philipp Kurashev         Nicholas Paul            Alexis Lafreniere        31     1   2  2  
 3 Connor Bedard            Morgan Barron            Nicolas Aube-Kubel       23     1   2  2  
 4 Tyler Johnson            Chris Kreider            MacKenzie Entwistle      10     1   2  2  

5 vs 5 Defense 
   Defense                  Defense                                           Time % Phy DF OF 
 1 Mattias Ekholm           Ivan Provorov                                     36     1   2  2  
 2 K'Andre Miller           Sean Walker                                       31     1   2  2  
 3 Justin Schultz           Parker Wotherspoon                                23     1   2  2  
 4 Egor Zamula              Mattias Ekholm                                    10     1   2  2  

PowerPlay Forward 
   Center                   Left Wing                Right Wing               Time % Phy DF OF 
 1 Boone Jenner             Chris Kreider            Jordan Kyrou             55     1   2  2  
 2 Philipp Kurashev         Nicholas Paul            Alexis Lafreniere        45     1   2  2  

PowerPlay Defense
   Defense                  Defense                                           Time % Phy DF OF 
 1 Mattias Ekholm           Ivan Provorov                                     55     1   2  2  
 2 K'Andre Miller           Sean Walker                                       45     1   2  2  

Penalty Kill 4 Players Forward 
   Center                   Wing                     Time % Phy DF OF 
 1 Chris Kreider            Boone Jenner             55     1   2  2  
 2 Jordan Kyrou             Philipp Kurashev         45     1   2  2  

Penalty Kill 4 Players Defense
   Defense                  Defense                  Time % Phy DF OF 
 1 Mattias Ekholm           Ivan Provorov            55     1   2  2  
 2 K'Andre Miller           Sean Walker              45     1   2  2  

Penalty Kill - 3 Players Forward 
   Forward                                           Time % Phy DF OF 
 1 Chris Kreider                                     55     1   2  2  
 2 Boone Jenner                                      45     1   2  2  

Penalty Kill - 3 Players Defense
   Defense                  Defense                  Time % Phy DF OF 
 1 Mattias Ekholm           Ivan Provorov            55     1   2  2  
 2 K'Andre Miller           Sean Walker              45     1   2  2  

4 vs 4 Forward 
   Center                   Wing                     Time % Phy DF OF 
 1 Chris Kreider            Boone Jenner             55     1   2  2  
 2 Jordan Kyrou             Philipp Kurashev         45     1   2  2  

4 vs 4 Defense
   Defense                  Defense                  Time % Phy DF OF 
 1 Mattias Ekholm           Ivan Provorov            55     1   2  2  
 2 K'Andre Miller           Sean Walker              45     1   2  2  

Last Minutes Offensive
   Center                   Left Wing                Right Wing               Defense                  Defense                  
   Boone Jenner             Chris Kreider            Jordan Kyrou             Mattias Ekholm           Ivan Provorov            

Last Minutes Defensive
   Center                   Left Wing                Right Wing               Defense                  Defense                  
   Boone Jenner             Chris Kreider            Jordan Kyrou             Mattias Ekholm           Ivan Provorov            

Goaltenders
Starting : John Gibson              
Backup : Ilya Samsonov            

Extra Forwards
Normal : Connor Bedard, Tyler Johnson, Morgan Barron - PP : Connor Bedard, Tyler Johnson - PK : Morgan Barron
Extra Defensemen
Normal : Justin Schultz, Parker Wotherspoon, Egor Zamula - PP : Justin Schultz - PK : Parker Wotherspoon, Egor Zamula
Penalty Shots
Chris Kreider, Boone Jenner, Jordan Kyrou, Philipp Kurashev, Connor Bedard
Custom OT Lines Forwards
Chris Kreider, Boone Jenner, Jordan Kyrou, Philipp Kurashev, Connor Bedard, Nicholas Paul, Tyler Johnson, Alexis Lafreniere, Morgan Barron, Nicolas Aube-Kubel
Custom OT Lines Defensemen
Mattias Ekholm, Ivan Provorov, K'Andre Miller, Sean Walker, Justin Schultz

Scratches
Cal Petersen (Healthy)

% Time on Ice - CALGARY FIREMEN

Lines # - Real PCT - Wanted PCT - Time Play
Normal Forward
1 - 31% - 34% - 13:25
2 - 27% - 32% - 11:43
3 - 25% - 25% - 11:01
4 - 17% - 9% - 7:23
Normal Defense
1 - 31% - 34% - 13:37
2 - 35% - 32% - 15:11
3 - 32% - 25% - 14:03
4 - 2% - 9% - 0:41
PP Forward
1 - 55% - 55% - 7:14
2 - 45% - 45% - 5:55
PP Defense
1 - 61% - 55% - 8:01
2 - 39% - 45% - 5:08
PK Forward
1 - 53% - 55% - 0:42
2 - 48% - 45% - 0:38
PK Defense
1 - 28% - 55% - 0:22
2 - 73% - 45% - 0:58
PK3 Forward
1 - 0% - 55%
2 - 0% - 45%
PK3 Defense
1 - 0% - 55%
2 - 0% - 45%
44 Forward
1 - 100% - 55% - 1:59
2 - 0% - 45% - 0:00
44 Defense
1 - 100% - 55% - 1:59
2 - 0% - 45% - 0:00
Last Minute Offensive  - 0:00
Last Minute Defensive  - 0:00
Total
Forward - 60:00
Defense - 60:00

% Time on Ice - KANSAS CITY KILLERBEES

Lines # - Real PCT - Wanted PCT - Time Play
Normal Forward
1 - 33% - 36% - 14:31
2 - 30% - 31% - 13:01
3 - 32% - 23% - 13:53
4 - 5% - 10% - 2:07
Normal Defense
1 - 33% - 36% - 14:09
2 - 35% - 31% - 15:13
3 - 26% - 23% - 11:27
4 - 6% - 10% - 2:43
PP Forward
1 - 66% - 55% - 0:53
2 - 34% - 45% - 0:27
PP Defense
1 - 66% - 55% - 0:53
2 - 34% - 45% - 0:27
PK Forward
1 - 62% - 55% - 8:12
2 - 38% - 45% - 4:57
PK Defense
1 - 59% - 55% - 7:47
2 - 41% - 45% - 5:22
PK3 Forward
1 - 0% - 55%
2 - 0% - 45%
PK3 Defense
1 - 0% - 55%
2 - 0% - 45%
44 Forward
1 - 56% - 55% - 1:07
2 - 44% - 45% - 0:52
44 Defense
1 - 44% - 55% - 0:52
2 - 56% - 45% - 1:07
Last Minute Offensive  - 0:00
Last Minute Defensive  - 0:00
Total
Forward - 60:00
Defense - 60:00

Play-by-Play

1st period


0:01 of 1st period - Andrew Copp wins face-off versus Boone Jenner in neutral zone.
0:39 of 1st period - Shot by Boone Jenner.
0:39 of 1st period - Stopped by Samuel Ersson without a rebound.
0:40 of 1st period - Philipp Kurashev wins face-off versus Jack Drury in CALGARY FIREMEN zone.
1:22 of 1st period - Minor Penalty to Martin Fehervary for Hooking.
1:23 of 1st period - Michael McCarron wins face-off versus Boone Jenner in CALGARY FIREMEN zone.
2:23 of 1st period - Shot by Nicholas Paul.
2:23 of 1st period - Stopped by Samuel Ersson without a rebound.
2:24 of 1st period - Michael McCarron wins face-off versus Philipp Kurashev in CALGARY FIREMEN zone.
2:30 of 1st period - Icing by K'Andre Miller.
2:31 of 1st period - Michael McCarron wins face-off versus Philipp Kurashev in KANSAS CITY KILLERBEES zone.
2:32 of 1st period - Shot by Calle Jarnkrok.
2:32 of 1st period - Goal by Calle Jarnkrok - CALGARY FIREMEN : 1 - KANSAS CITY KILLERBEES : 0.
2:33 of 1st period - Michael McCarron wins face-off versus Philipp Kurashev in neutral zone.
2:42 of 1st period - Shot by Nicholas Paul.
2:42 of 1st period - Goal by Nicholas Paul - CALGARY FIREMEN : 1 - KANSAS CITY KILLERBEES : 1.
2:43 of 1st period - Connor Bedard wins face-off versus Ryan Johansen in neutral zone.
2:57 of 1st period - Off-side.
2:58 of 1st period - Andrew Copp wins face-off versus Boone Jenner in neutral zone.
3:02 of 1st period - Minor Penalty to Mattias Ekholm for Hooking.
3:03 of 1st period - Andrew Copp wins face-off versus Chris Kreider in KANSAS CITY KILLERBEES zone.
3:16 of 1st period - Shot by Fabian Zetterlund.
3:16 of 1st period - Shot Misses the Net.
3:18 of 1st period - Shot by Jake McCabe.
3:18 of 1st period - Shot Misses the Net.
4:15 of 1st period - Shot by Ryan Johansen.
4:15 of 1st period - Stopped by John Gibson with a rebound.
4:17 of 1st period - Shot by Mason Marchment.
4:17 of 1st period - Deflect By Ryan Johansen.
4:17 of 1st period - Goal by Ryan Johansen - CALGARY FIREMEN : 2 - KANSAS CITY KILLERBEES : 1.
4:18 of 1st period - Cody Glass wins face-off versus Connor Bedard in neutral zone.
4:40 of 1st period - Icing by Darren Raddysh.
4:41 of 1st period - Philipp Kurashev wins face-off versus Brett Howden in CALGARY FIREMEN zone.
4:57 of 1st period - Shot by Philipp Kurashev.
4:57 of 1st period - Shot Misses the Net.
4:59 of 1st period - Shot by Philipp Kurashev.
4:59 of 1st period - Stopped by Samuel Ersson without a rebound.
5:00 of 1st period - Boone Jenner wins face-off versus Isac Lundestrom in CALGARY FIREMEN zone.
5:00 of 1st period - Boone Jenner is hit by Rasmus Sandin.
5:02 of 1st period - Shot by Jordan Kyrou.
5:02 of 1st period - Shot Misses the Net.
5:27 of 1st period - Icing by Rasmus Sandin.
5:28 of 1st period - Philipp Kurashev wins face-off versus Ryan Johansen in CALGARY FIREMEN zone.
5:39 of 1st period - Shot by Philipp Kurashev.
5:39 of 1st period - Shot Misses the Net.
5:41 of 1st period - Shot by Justin Schultz.
5:41 of 1st period - Stopped by Samuel Ersson without a rebound.
5:42 of 1st period - Boone Jenner wins face-off versus Andrew Copp in CALGARY FIREMEN zone.
5:43 of 1st period - Shot by Jordan Kyrou.
5:43 of 1st period - Stopped by Samuel Ersson without a rebound.
5:44 of 1st period - Andrew Copp wins face-off versus Jordan Kyrou in CALGARY FIREMEN zone.
5:49 of 1st period - Off-side.
5:50 of 1st period - Boone Jenner wins face-off versus Jack Drury in neutral zone.
5:53 of 1st period - Shot by Jordan Kyrou.
5:53 of 1st period - Stopped by Samuel Ersson without a rebound.
5:54 of 1st period - Andrew Copp wins face-off versus Connor Bedard in CALGARY FIREMEN zone.
6:07 of 1st period - Shot by Fabian Zetterlund.
6:07 of 1st period - Shot Misses the Net.
6:16 of 1st period - Shot by Connor Bedard.
6:16 of 1st period - Stopped by Samuel Ersson without a rebound.
6:17 of 1st period - Boone Jenner wins face-off versus Jack Drury in CALGARY FIREMEN zone.
6:22 of 1st period - Shot by Boone Jenner.
6:22 of 1st period - Shot Misses the Net.
6:24 of 1st period - Shot by Boone Jenner.
6:24 of 1st period - Stopped by Samuel Ersson with a rebound.
6:28 of 1st period - Shot by Boone Jenner.
6:28 of 1st period - Shot Misses the Net.
6:30 of 1st period - Shot by Boone Jenner.
6:30 of 1st period - Goal by Boone Jenner - CALGARY FIREMEN : 2 - KANSAS CITY KILLERBEES : 2.
6:31 of 1st period - Philipp Kurashev wins face-off versus Andrew Copp in neutral zone.
6:50 of 1st period - Icing by K'Andre Miller.
6:51 of 1st period - Jack Drury wins face-off versus Philipp Kurashev in KANSAS CITY KILLERBEES zone.
7:02 of 1st period - Shot by Calle Jarnkrok.
7:02 of 1st period - Stopped by John Gibson with a rebound.
7:04 of 1st period - Shot by Jared Spurgeon.
7:04 of 1st period - Shot Misses the Net.
7:06 of 1st period - Shot by Jack Drury.
7:06 of 1st period - Deflect By Mason Marchment.
7:06 of 1st period - Shot Misses the Net.
7:30 of 1st period - Shot by Mason Marchment.
7:30 of 1st period - Shot Misses the Net.
7:32 of 1st period - Shot by Calle Jarnkrok.
7:32 of 1st period - Shot Misses the Net.
8:10 of 1st period - Shot by Chris Kreider.
8:10 of 1st period - Deflect By Jordan Kyrou.
8:10 of 1st period - Shot Misses the Net.
8:22 of 1st period - Shot by Boone Jenner.
8:22 of 1st period - Shot Misses the Net.
8:24 of 1st period - Shot by Jordan Kyrou.
8:24 of 1st period - Stopped by Samuel Ersson without a rebound.
8:25 of 1st period - Michael McCarron wins face-off versus Connor Bedard in CALGARY FIREMEN zone.
8:41 of 1st period - Ryan Johansen is hit by Parker Wotherspoon and loses puck.
9:05 of 1st period - Icing by Connor Bedard.
9:06 of 1st period - Jack Drury wins face-off versus Connor Bedard in KANSAS CITY KILLERBEES zone.
9:06 of 1st period - Mason Marchment is hit by Parker Wotherspoon and loses puck.
9:48 of 1st period - Shot by Chris Kreider.
9:48 of 1st period - Stopped by Samuel Ersson without a rebound.
9:49 of 1st period - Philipp Kurashev wins face-off versus Andrew Copp in CALGARY FIREMEN zone.
10:03 of 1st period - Fabian Zetterlund is hit by Sean Walker and loses puck.
10:20 of 1st period - Shot by Fabian Zetterlund.
10:20 of 1st period - Shot Blocked by Sean Walker.
10:24 of 1st period - Shot by Fabian Zetterlund.
10:24 of 1st period - Shot Blocked by Sean Walker.
10:26 of 1st period - Shot by Fabian Zetterlund.
10:26 of 1st period - Shot Misses the Net.
10:28 of 1st period - Shot by Fabian Zetterlund.
10:28 of 1st period - Shot Blocked by K'Andre Miller.
10:29 of 1st period - Minor Penalty to Sean Walker for Roughing.
10:30 of 1st period - Ryan Johansen wins face-off versus Chris Kreider in KANSAS CITY KILLERBEES zone.
10:35 of 1st period - Shot by Mason Marchment.
10:35 of 1st period - Stopped by John Gibson without a rebound.
10:36 of 1st period - Ryan Johansen wins face-off versus Chris Kreider in KANSAS CITY KILLERBEES zone.
10:39 of 1st period - Shot by Mason Marchment.
10:39 of 1st period - Shot Misses the Net.
10:41 of 1st period - Shot by Rasmus Sandin.
10:41 of 1st period - Stopped by John Gibson without a rebound.
10:42 of 1st period - Calle Jarnkrok wins face-off versus Chris Kreider in KANSAS CITY KILLERBEES zone.
10:43 of 1st period - Shot by Jake McCabe.
10:43 of 1st period - Stopped by John Gibson without a rebound.
10:44 of 1st period - Chris Kreider wins face-off versus Andrew Copp in KANSAS CITY KILLERBEES zone.
11:17 of 1st period - Shot by Andrew Copp.
11:17 of 1st period - Shot Blocked by Ivan Provorov.
11:19 of 1st period - Shot by Andrew Copp.
11:19 of 1st period - Shot Blocked by Ivan Provorov.
11:21 of 1st period - Shot by Martin Fehervary.
11:21 of 1st period - Shot Hit the Post.
11:23 of 1st period - Shot by Martin Fehervary.
11:23 of 1st period - Shot Blocked by Mattias Ekholm.
11:25 of 1st period - Shot by Fabian Zetterlund.
11:25 of 1st period - Shot Misses the Net.
11:43 of 1st period - Shot by Calle Jarnkrok.
11:43 of 1st period - Deflect By Mason Marchment.
11:43 of 1st period - Shot Blocked by Mattias Ekholm.
11:45 of 1st period - Shot by Jake McCabe.
11:45 of 1st period - Shot Misses the Net.
11:47 of 1st period - Shot by Jared Spurgeon.
11:47 of 1st period - Stopped by John Gibson without a rebound.
11:48 of 1st period - Ryan Johansen wins face-off versus Jordan Kyrou in KANSAS CITY KILLERBEES zone.
11:49 of 1st period - Shot by Mason Marchment.
11:49 of 1st period - Shot Misses the Net.
11:59 of 1st period - Shot by Jake McCabe.
11:59 of 1st period - Stopped by John Gibson without a rebound.
12:00 of 1st period - Ryan Johansen wins face-off versus Jordan Kyrou in KANSAS CITY KILLERBEES zone.
12:05 of 1st period - Shot by Ryan Johansen.
12:05 of 1st period - Shot Misses the Net.
12:25 of 1st period - Shot by Ryan Johansen.
12:25 of 1st period - Stopped by John Gibson without a rebound.
12:26 of 1st period - Chris Kreider wins face-off versus Andrew Copp in KANSAS CITY KILLERBEES zone.
12:26 of 1st period - Chris Kreider is hit by Fabian Zetterlund.
12:33 of 1st period - Icing by Ryan Graves.
12:34 of 1st period - Boone Jenner wins face-off versus Brett Howden in CALGARY FIREMEN zone.
13:03 of 1st period - Shot by Mattias Ekholm.
13:03 of 1st period - Shot Misses the Net.
13:05 of 1st period - Shot by Boone Jenner.
13:05 of 1st period - Shot Misses the Net.
13:07 of 1st period - Shot by Boone Jenner.
13:07 of 1st period - Shot Blocked by Ryan Graves.
13:11 of 1st period - Shot by Boone Jenner.
13:11 of 1st period - Shot Misses the Net.
13:13 of 1st period - Shot by Boone Jenner.
13:13 of 1st period - Deflect By Jordan Kyrou.
13:13 of 1st period - Shot Misses the Net.
13:15 of 1st period - Shot by Boone Jenner.
13:15 of 1st period - Shot Misses the Net.
13:48 of 1st period - Off-side.
13:49 of 1st period - Ryan Johansen wins face-off versus Philipp Kurashev in neutral zone.
13:52 of 1st period - Shot by Michael McCarron.
13:52 of 1st period - Shot Misses the Net.
13:55 of 1st period - Icing by Philipp Kurashev.
13:56 of 1st period - Alexis Lafreniere wins face-off versus Jack Drury in KANSAS CITY KILLERBEES zone.
13:56 of 1st period - Alexis Lafreniere is hit by Mason Marchment.
14:04 of 1st period - Shot by Alexis Lafreniere.
14:04 of 1st period - Shot Misses the Net.
14:06 of 1st period - Shot by Philipp Kurashev.
14:06 of 1st period - Shot Misses the Net.
14:38 of 1st period - Shot by Philipp Kurashev.
14:38 of 1st period - Shot Hit the Post.
14:40 of 1st period - Shot by Nicholas Paul.
14:40 of 1st period - Shot Misses the Net.
15:13 of 1st period - Filip Forsberg is hit by Mattias Ekholm and loses puck.
15:17 of 1st period - Fabian Zetterlund is hit by Mattias Ekholm and loses puck.
15:28 of 1st period - Shot by Fabian Zetterlund.
15:28 of 1st period - Stopped by John Gibson without a rebound.
15:29 of 1st period - Connor Bedard wins face-off versus Ryan Johansen in KANSAS CITY KILLERBEES zone.
15:57 of 1st period - Icing by Parker Wotherspoon.
15:58 of 1st period - Andrew Copp wins face-off versus Connor Bedard in KANSAS CITY KILLERBEES zone.
16:34 of 1st period - Shot by Filip Forsberg.
16:34 of 1st period - Stopped by John Gibson without a rebound.
16:35 of 1st period - Ryan Johansen wins face-off versus Tyler Johnson in KANSAS CITY KILLERBEES zone.
17:04 of 1st period - Shot by Ryan Johansen.
17:04 of 1st period - Shot Misses the Net.
17:06 of 1st period - Shot by Jake McCabe.
17:06 of 1st period - Shot Misses the Net.
17:08 of 1st period - Shot by Michael McCarron.
17:08 of 1st period - Stopped by John Gibson with a rebound.
17:37 of 1st period - Calle Jarnkrok is hit by Philipp Kurashev.
17:46 of 1st period - Icing by Darren Raddysh.
17:47 of 1st period - Jack Drury wins face-off versus Philipp Kurashev in CALGARY FIREMEN zone.
19:17 of 1st period - Shot by Fabian Zetterlund.
19:17 of 1st period - Stopped by John Gibson without a rebound.
19:18 of 1st period - Ryan Johansen wins face-off versus Boone Jenner in KANSAS CITY KILLERBEES zone.
19:22 of 1st period - Minor Penalty to Mattias Ekholm for High sticking.
19:23 of 1st period - Ryan Johansen wins face-off versus Chris Kreider in KANSAS CITY KILLERBEES zone.
Goals for this period are 2 for CALGARY FIREMEN vs 2 for KANSAS CITY KILLERBEES.
Shots for this period are 14 for CALGARY FIREMEN vs 12 for KANSAS CITY KILLERBEES.

2nd period


0:01 of 2nd period - Andrew Copp wins face-off versus Chris Kreider in neutral zone.
0:08 of 2nd period - Shot by Filip Forsberg.
0:08 of 2nd period - Stopped by John Gibson without a rebound.
0:09 of 2nd period - Andrew Copp wins face-off versus Chris Kreider in KANSAS CITY KILLERBEES zone.
0:16 of 2nd period - Shot by Fabian Zetterlund.
0:16 of 2nd period - Shot Misses the Net.
0:20 of 2nd period - Shot by Andrew Copp.
0:20 of 2nd period - Deflect By Filip Forsberg.
0:20 of 2nd period - Shot Misses the Net.
0:24 of 2nd period - Shot by Filip Forsberg.
0:24 of 2nd period - Stopped by John Gibson without a rebound.
0:25 of 2nd period - Calle Jarnkrok wins face-off versus Jordan Kyrou in KANSAS CITY KILLERBEES zone.
0:30 of 2nd period - Shot by Mason Marchment.
0:30 of 2nd period - Stopped by John Gibson without a rebound.
0:31 of 2nd period - Boone Jenner wins face-off versus Andrew Copp in KANSAS CITY KILLERBEES zone.
0:40 of 2nd period - Shot by Filip Forsberg.
0:40 of 2nd period - Stopped by John Gibson without a rebound.
0:41 of 2nd period - Andrew Copp wins face-off versus Chris Kreider in KANSAS CITY KILLERBEES zone.
1:33 of 2nd period - Connor Bedard is hit by Michael McCarron and loses puck.
2:27 of 2nd period - Icing by Sean Walker.
2:28 of 2nd period - Boone Jenner wins face-off versus Andrew Copp in KANSAS CITY KILLERBEES zone.
2:28 of 2nd period - Boone Jenner is hit by Fabian Zetterlund.
2:41 of 2nd period - Sean Walker is hit by Andrew Copp and loses puck.
2:53 of 2nd period - Shot by Boone Jenner.
2:53 of 2nd period - Stopped by Samuel Ersson without a rebound.
2:54 of 2nd period - Jack Drury wins face-off versus Philipp Kurashev in CALGARY FIREMEN zone.
2:54 of 2nd period - Jack Drury is hit by Alexis Lafreniere.
3:05 of 2nd period - Icing by Parker Wotherspoon.
3:06 of 2nd period - Philipp Kurashev wins face-off versus Andrew Copp in KANSAS CITY KILLERBEES zone.
3:06 of 2nd period - Philipp Kurashev is hit by Fabian Zetterlund.
3:19 of 2nd period - Filip Forsberg is hit by Parker Wotherspoon and loses puck.
3:24 of 2nd period - Shot by Andrew Copp.
3:24 of 2nd period - Goal by Andrew Copp - CALGARY FIREMEN : 3 - KANSAS CITY KILLERBEES : 2.
3:25 of 2nd period - Boone Jenner wins face-off versus Jack Drury in neutral zone.
3:37 of 2nd period - Shot by Jordan Kyrou.
3:37 of 2nd period - Shot Misses the Net.
3:39 of 2nd period - Shot by Jordan Kyrou.
3:39 of 2nd period - Shot Hit the Post.
3:41 of 2nd period - Shot by Boone Jenner.
3:41 of 2nd period - Shot Misses the Net.
3:54 of 2nd period - Shot by Boone Jenner.
3:54 of 2nd period - Deflect By Chris Kreider.
3:54 of 2nd period - Stopped by Samuel Ersson without a rebound.
3:55 of 2nd period - Andrew Copp wins face-off versus Connor Bedard in CALGARY FIREMEN zone.
3:55 of 2nd period - Andrew Copp is hit by Nicolas Aube-Kubel.
4:02 of 2nd period - Andrew Copp is hit by Parker Wotherspoon.
4:10 of 2nd period - Shot by Filip Forsberg.
4:10 of 2nd period - Stopped by John Gibson without a rebound.
4:11 of 2nd period - Boone Jenner wins face-off versus Ryan Johansen in KANSAS CITY KILLERBEES zone.
5:35 of 2nd period - Jake McCabe is hit by Morgan Barron and loses puck.
5:41 of 2nd period - Icing by Rasmus Sandin.
5:42 of 2nd period - Andrew Copp wins face-off versus Philipp Kurashev in CALGARY FIREMEN zone.
5:42 of 2nd period - Filip Forsberg is hit by Philipp Kurashev and loses puck.
5:47 of 2nd period - Shot by Nicholas Paul.
5:47 of 2nd period - Shot Misses the Net.
6:05 of 2nd period - Shot by Nicholas Paul.
6:05 of 2nd period - Shot Misses the Net.
6:09 of 2nd period - Shot by Philipp Kurashev.
6:09 of 2nd period - Stopped by Samuel Ersson without a rebound.
6:10 of 2nd period - Jack Drury wins face-off versus Chris Kreider in CALGARY FIREMEN zone.
6:21 of 2nd period - Shot by Justin Schultz.
6:21 of 2nd period - Stopped by Samuel Ersson with a rebound.
6:35 of 2nd period - Shot by Tyler Johnson.
6:35 of 2nd period - Deflect By Chris Kreider.
6:35 of 2nd period - Stopped by Samuel Ersson with a rebound.
6:43 of 2nd period - Shot by Tyler Johnson.
6:43 of 2nd period - Shot Misses the Net.
6:45 of 2nd period - Shot by Parker Wotherspoon.
6:45 of 2nd period - Shot Misses the Net.
6:47 of 2nd period - Shot by Parker Wotherspoon.
6:47 of 2nd period - Shot Misses the Net.
6:56 of 2nd period - Icing by Martin Fehervary.
6:57 of 2nd period - Jack Drury wins face-off versus Philipp Kurashev in CALGARY FIREMEN zone.
6:57 of 2nd period - Jack Drury is hit by Nicholas Paul.
7:07 of 2nd period - Icing by Ivan Provorov.
7:08 of 2nd period - Andrew Copp wins face-off versus Alexis Lafreniere in KANSAS CITY KILLERBEES zone.
7:18 of 2nd period - Icing by Rasmus Sandin.
7:19 of 2nd period - Connor Bedard wins face-off versus Andrew Copp in CALGARY FIREMEN zone.
7:23 of 2nd period - Icing by Jake McCabe.
7:24 of 2nd period - Boone Jenner wins face-off versus Andrew Copp in CALGARY FIREMEN zone.
7:34 of 2nd period - Shot by Boone Jenner.
7:34 of 2nd period - Deflect By Jordan Kyrou.
7:34 of 2nd period - Shot Blocked by Jake McCabe.
7:36 of 2nd period - Shot by Mattias Ekholm.
7:36 of 2nd period - Shot Misses the Net.
7:49 of 2nd period - Boone Jenner is hit by Jake McCabe and loses puck.
7:54 of 2nd period - Shot by Boone Jenner.
7:54 of 2nd period - Shot Blocked by Jake McCabe.
7:56 of 2nd period - Shot by Boone Jenner.
7:56 of 2nd period - Shot Misses the Net.
7:58 of 2nd period - Shot by Chris Kreider.
7:58 of 2nd period - Stopped by Samuel Ersson without a rebound.
7:59 of 2nd period - Jack Drury wins face-off versus Connor Bedard in CALGARY FIREMEN zone.
8:08 of 2nd period - Icing by K'Andre Miller.
8:09 of 2nd period - Ryan Johansen wins face-off versus Connor Bedard in KANSAS CITY KILLERBEES zone.
9:27 of 2nd period - Shot by Jordan Kyrou.
9:27 of 2nd period - Shot Misses the Net.
9:52 of 2nd period - Shot by Boone Jenner.
9:52 of 2nd period - Shot Misses the Net.
10:20 of 2nd period - Shot by Nicholas Paul.
10:20 of 2nd period - Shot Misses the Net.
10:55 of 2nd period - Minor Penalty to Parker Wotherspoon for Hooking.
10:55 of 2nd period - Minor Penalty to Filip Forsberg for Interference.
10:56 of 2nd period - Andrew Copp wins face-off versus Chris Kreider in KANSAS CITY KILLERBEES zone.
10:56 of 2nd period - Calle Jarnkrok is hit by K'Andre Miller and loses puck.
11:05 of 2nd period - Shot by Boone Jenner.
11:05 of 2nd period - Shot Misses the Net.
11:07 of 2nd period - Shot by Sean Walker.
11:07 of 2nd period - Shot Blocked by Jake McCabe.
11:20 of 2nd period - Icing by Jake McCabe.
11:21 of 2nd period - Andrew Copp wins face-off versus Jordan Kyrou in CALGARY FIREMEN zone.
12:11 of 2nd period - Sean Walker is hit by Andrew Copp and loses puck.
12:25 of 2nd period - Shot by Chris Kreider.
12:25 of 2nd period - Stopped by Samuel Ersson with a rebound.
12:55 of 2nd period - Shot by Philipp Kurashev.
12:55 of 2nd period - Stopped by Samuel Ersson without a rebound.
12:56 of 2nd period - Brett Howden wins face-off versus Connor Bedard in CALGARY FIREMEN zone.
12:56 of 2nd period - Brett Howden is hit by Nicolas Aube-Kubel.
13:07 of 2nd period - Brett Howden is hit by Parker Wotherspoon and loses puck.
13:50 of 2nd period - Shot by Philipp Kurashev.
13:50 of 2nd period - Shot Misses the Net.
13:52 of 2nd period - Shot by Alexis Lafreniere.
13:52 of 2nd period - Stopped by Samuel Ersson without a rebound.
13:53 of 2nd period - Ryan Johansen wins face-off versus Tyler Johnson in CALGARY FIREMEN zone.
13:53 of 2nd period - Ryan Johansen is hit by MacKenzie Entwistle.
14:18 of 2nd period - Minor Penalty to Sean Walker for Hooking.
14:19 of 2nd period - Andrew Copp wins face-off versus Jordan Kyrou in KANSAS CITY KILLERBEES zone.
14:58 of 2nd period - Icing by Mason Marchment.
14:59 of 2nd period - Jordan Kyrou wins face-off versus Ryan Johansen in CALGARY FIREMEN zone.
15:04 of 2nd period - Shot by Jordan Kyrou.
15:04 of 2nd period - Stopped by Samuel Ersson without a rebound.
15:05 of 2nd period - Calle Jarnkrok wins face-off versus Chris Kreider in CALGARY FIREMEN zone.
15:09 of 2nd period - Jake McCabe is hit by Ivan Provorov and loses puck.
15:32 of 2nd period - Shot by Mason Marchment.
15:32 of 2nd period - Shot Misses the Net.
16:52 of 2nd period - Shot by Connor Bedard.
16:52 of 2nd period - Shot Blocked by Ryan Graves.
17:26 of 2nd period - Shot by Philipp Kurashev.
17:26 of 2nd period - Stopped by Samuel Ersson without a rebound.
17:27 of 2nd period - Andrew Copp wins face-off versus Boone Jenner in CALGARY FIREMEN zone.
17:50 of 2nd period - Shot by Andrew Copp.
17:50 of 2nd period - Shot Blocked by Parker Wotherspoon.
17:58 of 2nd period - Shot by Andrew Copp.
17:58 of 2nd period - Shot Blocked by Parker Wotherspoon.
18:00 of 2nd period - Shot by Filip Forsberg.
18:00 of 2nd period - Stopped by John Gibson without a rebound.
18:01 of 2nd period - Philipp Kurashev wins face-off versus Ryan Johansen in KANSAS CITY KILLERBEES zone.
18:20 of 2nd period - Shot by Alexis Lafreniere.
18:20 of 2nd period - Stopped by Samuel Ersson without a rebound.
18:21 of 2nd period - Connor Bedard wins face-off versus Jack Drury in CALGARY FIREMEN zone.
18:28 of 2nd period - Shot by Calle Jarnkrok.
18:28 of 2nd period - Shot Misses the Net.
18:30 of 2nd period - Shot by Ryan Graves.
18:30 of 2nd period - Shot Blocked by Nicolas Aube-Kubel.
18:32 of 2nd period - Shot by Darren Raddysh.
18:32 of 2nd period - Stopped by John Gibson with a rebound.
18:53 of 2nd period - Shot by Mason Marchment.
18:53 of 2nd period - Shot Misses the Net.
19:45 of 2nd period - Connor Bedard is hit by Fabian Zetterlund and loses puck.
Goals for this period are 1 for CALGARY FIREMEN vs 0 for KANSAS CITY KILLERBEES.
Shots for this period are 8 for CALGARY FIREMEN vs 12 for KANSAS CITY KILLERBEES.

3rd period


0:01 of 3rd period - Boone Jenner wins face-off versus Jack Drury in neutral zone.
0:41 of 3rd period - Shot by Calle Jarnkrok.
0:41 of 3rd period - Shot Misses the Net.
2:05 of 3rd period - Icing by Ryan Graves.
2:06 of 3rd period - Ryan Johansen wins face-off versus Connor Bedard in CALGARY FIREMEN zone.
2:12 of 3rd period - Icing by Darren Raddysh.
2:13 of 3rd period - Ryan Johansen wins face-off versus Connor Bedard in CALGARY FIREMEN zone.
2:13 of 3rd period - Ryan Johansen is hit by Nicolas Aube-Kubel.
3:00 of 3rd period - Icing by Ryan Graves.
3:01 of 3rd period - Ryan Johansen wins face-off versus Boone Jenner in CALGARY FIREMEN zone.
3:27 of 3rd period - Shot by Jordan Kyrou.
3:27 of 3rd period - Deflect By Chris Kreider.
3:27 of 3rd period - Stopped by Samuel Ersson with a rebound.
3:29 of 3rd period - Shot by Mattias Ekholm.
3:29 of 3rd period - Shot Blocked by Rasmus Sandin.
3:31 of 3rd period - Shot by Mattias Ekholm.
3:31 of 3rd period - Shot Misses the Net.
3:33 of 3rd period - Shot by Mattias Ekholm.
3:33 of 3rd period - Shot Misses the Net.
3:45 of 3rd period - Shot by Boone Jenner.
3:45 of 3rd period - Shot Misses the Net.
3:49 of 3rd period - Shot by Chris Kreider.
3:49 of 3rd period - Shot Misses the Net.
4:13 of 3rd period - Shot by Fabian Zetterlund.
4:13 of 3rd period - Stopped by John Gibson without a rebound.
4:14 of 3rd period - Connor Bedard wins face-off versus Brett Howden in KANSAS CITY KILLERBEES zone.
4:41 of 3rd period - Shot by Yakov Trenin.
4:41 of 3rd period - Shot Misses the Net.
5:23 of 3rd period - Shot by Jordan Kyrou.
5:23 of 3rd period - Shot Blocked by Darren Raddysh.
5:34 of 3rd period - Minor Penalty to Parker Wotherspoon for Roughing.
5:35 of 3rd period - Ryan Johansen wins face-off versus Chris Kreider in KANSAS CITY KILLERBEES zone.
6:45 of 3rd period - Shot by Filip Forsberg.
6:45 of 3rd period - Stopped by John Gibson without a rebound.
6:46 of 3rd period - Andrew Copp wins face-off versus Jordan Kyrou in KANSAS CITY KILLERBEES zone.
6:55 of 3rd period - Shot by Fabian Zetterlund.
6:55 of 3rd period - Shot Misses the Net.
6:57 of 3rd period - Shot by Fabian Zetterlund.
6:57 of 3rd period - Stopped by John Gibson without a rebound.
6:58 of 3rd period - Andrew Copp wins face-off versus Jordan Kyrou in KANSAS CITY KILLERBEES zone.
7:11 of 3rd period - Shot by Fabian Zetterlund.
7:11 of 3rd period - Stopped by John Gibson with a rebound.
7:17 of 3rd period - Shot by Filip Forsberg.
7:17 of 3rd period - Deflect By Fabian Zetterlund.
7:17 of 3rd period - Shot Misses the Net.
7:19 of 3rd period - Shot by Jared Spurgeon.
7:19 of 3rd period - Shot Misses the Net.
7:21 of 3rd period - Shot by Jake McCabe.
7:21 of 3rd period - Stopped by John Gibson without a rebound.
7:22 of 3rd period - Ryan Johansen wins face-off versus Chris Kreider in KANSAS CITY KILLERBEES zone.
7:58 of 3rd period - Shot by Yakov Trenin.
7:58 of 3rd period - Shot Misses the Net.
8:00 of 3rd period - Shot by Yakov Trenin.
8:00 of 3rd period - Stopped by John Gibson with a rebound.
8:02 of 3rd period - Shot by Darren Raddysh.
8:02 of 3rd period - Shot Blocked by Parker Wotherspoon.
8:10 of 3rd period - Shot by Yakov Trenin.
8:10 of 3rd period - Shot Misses the Net.
8:12 of 3rd period - Shot by Brett Howden.
8:12 of 3rd period - Stopped by John Gibson without a rebound.
8:13 of 3rd period - Boone Jenner wins face-off versus Jack Drury in KANSAS CITY KILLERBEES zone.
8:24 of 3rd period - Off-side.
8:25 of 3rd period - Philipp Kurashev wins face-off versus Andrew Copp in neutral zone.
8:25 of 3rd period - Philipp Kurashev is hit by Filip Forsberg.
9:30 of 3rd period - Icing by Martin Fehervary.
9:31 of 3rd period - Andrew Copp wins face-off versus Boone Jenner in CALGARY FIREMEN zone.
9:51 of 3rd period - Off-side.
9:52 of 3rd period - Connor Bedard wins face-off versus Jack Drury in neutral zone.
10:24 of 3rd period - Shot by Connor Bedard.
10:24 of 3rd period - Deflect By Morgan Barron.
10:24 of 3rd period - Shot Blocked by Jake McCabe.
10:59 of 3rd period - Icing by Mattias Ekholm.
11:00 of 3rd period - Boone Jenner wins face-off versus Brett Howden in KANSAS CITY KILLERBEES zone.
11:24 of 3rd period - Minor Penalty to Boone Jenner for High sticking.
11:25 of 3rd period - Andrew Copp wins face-off versus Jordan Kyrou in KANSAS CITY KILLERBEES zone.
12:08 of 3rd period - Shot by Filip Forsberg.
12:08 of 3rd period - Stopped by John Gibson without a rebound.
12:09 of 3rd period - Ryan Johansen wins face-off versus Chris Kreider in KANSAS CITY KILLERBEES zone.
12:16 of 3rd period - Shot by Calle Jarnkrok.
12:16 of 3rd period - Shot Misses the Net.
12:18 of 3rd period - Shot by Calle Jarnkrok.
12:18 of 3rd period - Shot Blocked by Mattias Ekholm.
12:20 of 3rd period - Shot by Ryan Johansen.
12:20 of 3rd period - Shot Misses the Net.
12:22 of 3rd period - Shot by Mason Marchment.
12:22 of 3rd period - Shot Blocked by Ivan Provorov.
14:33 of 3rd period - Shot by Alexis Lafreniere.
14:33 of 3rd period - Stopped by Samuel Ersson without a rebound.
14:34 of 3rd period - Boone Jenner wins face-off versus Jack Drury in CALGARY FIREMEN zone.
14:43 of 3rd period - Shot by Chris Kreider.
14:43 of 3rd period - Deflect By Jordan Kyrou.
14:43 of 3rd period - Goal by Jordan Kyrou - CALGARY FIREMEN : 3 - KANSAS CITY KILLERBEES : 3.
14:44 of 3rd period - Andrew Copp wins face-off versus Boone Jenner in neutral zone.
15:03 of 3rd period - Shot by Jordan Kyrou.
15:03 of 3rd period - Stopped by Samuel Ersson with a rebound.
16:00 of 3rd period - Minor Penalty to Ivan Provorov for Hooking.
16:01 of 3rd period - Chris Kreider wins face-off versus Ryan Johansen in KANSAS CITY KILLERBEES zone.
16:26 of 3rd period - Philipp Kurashev is hit by Calle Jarnkrok and loses puck.
17:31 of 3rd period - Shot by Calle Jarnkrok.
17:31 of 3rd period - Stopped by John Gibson without a rebound.
17:32 of 3rd period - Chris Kreider wins face-off versus Andrew Copp in KANSAS CITY KILLERBEES zone.
18:33 of 3rd period - Morgan Barron is hit by Ryan Graves and loses puck.
18:36 of 3rd period - Shot by Nicolas Aube-Kubel.
18:36 of 3rd period - Stopped by Samuel Ersson without a rebound.
18:37 of 3rd period - Philipp Kurashev wins face-off versus Jack Drury in CALGARY FIREMEN zone.
18:46 of 3rd period - Shot by Nicholas Paul.
18:46 of 3rd period - Stopped by Samuel Ersson without a rebound.
18:47 of 3rd period - Ryan Johansen wins face-off versus Jordan Kyrou in CALGARY FIREMEN zone.
19:02 of 3rd period - Shot by Jordan Kyrou.
19:02 of 3rd period - Shot Hit the Post.
19:04 of 3rd period - Shot by Mattias Ekholm.
19:04 of 3rd period - Shot Misses the Net.
19:06 of 3rd period - Shot by Boone Jenner.
19:06 of 3rd period - Shot Misses the Net.
19:20 of 3rd period - Shot by Jordan Kyrou.
19:20 of 3rd period - Deflect By Chris Kreider.
19:20 of 3rd period - Shot Misses the Net.
Goals for this period are 0 for CALGARY FIREMEN vs 1 for KANSAS CITY KILLERBEES.
Shots for this period are 9 for CALGARY FIREMEN vs 6 for KANSAS CITY KILLERBEES.

Overtime #1


0:01 of 1st overtime period - Andrew Copp wins face-off versus Boone Jenner in neutral zone.
0:10 of 1st overtime period - Shot by Filip Forsberg.
0:10 of 1st overtime period - Shot Misses the Net.
0:14 of 1st overtime period - Shot by Filip Forsberg.
0:14 of 1st overtime period - Deflect By Andrew Copp.
0:14 of 1st overtime period - Shot Misses the Net.
0:16 of 1st overtime period - Shot by Andrew Copp.
0:16 of 1st overtime period - Shot Misses the Net.
0:26 of 1st overtime period - Shot by Andrew Copp.
0:26 of 1st overtime period - Stopped by John Gibson without a rebound.
0:27 of 1st overtime period - Andrew Copp wins face-off versus Boone Jenner in KANSAS CITY KILLERBEES zone.
0:30 of 1st overtime period - Shot by Filip Forsberg.
0:30 of 1st overtime period - Shot Misses the Net.
1:15 of 1st overtime period - Off-side.
1:16 of 1st overtime period - Philipp Kurashev wins face-off versus Fabian Zetterlund in neutral zone.
1:21 of 1st overtime period - Shot by Mason Marchment.
1:21 of 1st overtime period - Shot Misses the Net.
1:23 of 1st overtime period - Shot by Mason Marchment.
1:23 of 1st overtime period - Stopped by John Gibson without a rebound.
1:24 of 1st overtime period - Boone Jenner wins face-off versus Fabian Zetterlund in KANSAS CITY KILLERBEES zone.
1:37 of 1st overtime period - Shot by Chris Kreider.
1:37 of 1st overtime period - Shot Misses the Net.
1:39 of 1st overtime period - Shot by Mattias Ekholm.
1:39 of 1st overtime period - Stopped by Samuel Ersson with a rebound.
1:53 of 1st overtime period - Shot by Chris Kreider.
1:53 of 1st overtime period - Stopped by Samuel Ersson with a rebound.
2:08 of 1st overtime period - Off-side.
2:09 of 1st overtime period - Andrew Copp wins face-off versus Philipp Kurashev in neutral zone.
2:15 of 1st overtime period - Shot by Andrew Copp.
2:15 of 1st overtime period - Stopped by John Gibson without a rebound.
2:16 of 1st overtime period - Andrew Copp wins face-off versus Boone Jenner in KANSAS CITY KILLERBEES zone.
2:46 of 1st overtime period - Shot by Chris Kreider.
2:46 of 1st overtime period - Stopped by Samuel Ersson without a rebound.
2:47 of 1st overtime period - Andrew Copp wins face-off versus Philipp Kurashev in CALGARY FIREMEN zone.
2:54 of 1st overtime period - Shot by Andrew Copp.
2:54 of 1st overtime period - Shot Blocked by Mattias Ekholm.
2:56 of 1st overtime period - Shot by Filip Forsberg.
2:56 of 1st overtime period - Stopped by John Gibson without a rebound.
2:57 of 1st overtime period - Boone Jenner wins face-off versus Andrew Copp in KANSAS CITY KILLERBEES zone.
3:22 of 1st overtime period - Shot by Mattias Ekholm.
3:22 of 1st overtime period - Shot Misses the Net.
3:47 of 1st overtime period - Icing by Ivan Provorov.
3:48 of 1st overtime period - Fabian Zetterlund wins face-off versus Philipp Kurashev in KANSAS CITY KILLERBEES zone.
3:51 of 1st overtime period - Shot by Mason Marchment.
3:51 of 1st overtime period - Shot Misses the Net.
3:55 of 1st overtime period - Shot by Mason Marchment.
3:55 of 1st overtime period - Shot Misses the Net.
4:05 of 1st overtime period - Shot by Mason Marchment.
4:05 of 1st overtime period - Shot Misses the Net.
4:07 of 1st overtime period - Shot by Jared Spurgeon.
4:07 of 1st overtime period - Deflect By Mason Marchment.
4:07 of 1st overtime period - Shot Misses the Net.
4:09 of 1st overtime period - Shot by Mason Marchment.
4:09 of 1st overtime period - Shot Misses the Net.
4:15 of 1st overtime period - Shot by Fabian Zetterlund.
4:15 of 1st overtime period - Shot Misses the Net.
4:17 of 1st overtime period - Shot by Mason Marchment.
4:17 of 1st overtime period - Stopped by John Gibson without a rebound.
4:18 of 1st overtime period - Boone Jenner wins face-off versus Fabian Zetterlund in KANSAS CITY KILLERBEES zone.
4:43 of 1st overtime period - Shot by Boone Jenner.
4:43 of 1st overtime period - Stopped by Samuel Ersson without a rebound.
4:44 of 1st overtime period - Andrew Copp wins face-off versus Philipp Kurashev in CALGARY FIREMEN zone.
Goals for this period are 0 for CALGARY FIREMEN vs 0 for KANSAS CITY KILLERBEES.
Shots for this period are 5 for CALGARY FIREMEN vs 4 for KANSAS CITY KILLERBEES.

ShootOut


5:00 of 1st overtime period - Round #1.
5:00 of 1st overtime period - CALGARY FIREMEN, Filip Forsberg.
5:00 of 1st overtime period - Goal by Filip Forsberg.
5:00 of 1st overtime period - KANSAS CITY KILLERBEES, Chris Kreider.
5:00 of 1st overtime period - Goal by Chris Kreider.
5:00 of 1st overtime period - Round #2.
5:00 of 1st overtime period - CALGARY FIREMEN, Andrew Copp.
5:00 of 1st overtime period - Stopped by John Gibson.
5:00 of 1st overtime period - KANSAS CITY KILLERBEES, Boone Jenner.
5:00 of 1st overtime period - Shot Misses the Net.
5:00 of 1st overtime period - Round #3.
5:00 of 1st overtime period - CALGARY FIREMEN, Fabian Zetterlund.
5:00 of 1st overtime period - Stopped by John Gibson.
5:00 of 1st overtime period - KANSAS CITY KILLERBEES, Jordan Kyrou.
5:00 of 1st overtime period - Goal by Jordan Kyrou.


MATTHEW
TKACHUK
TOM
WILSON
JAKE
GUENTZEL